 Dungeon Crawl Stone Soup version 0.31-a0-868-g674d60d6f7 (webtiles) character file.

Game seed: 11458363528335925782

8013 arthad the Destroyer (level 11, -6/80 HPs)
             Began as a Human Conjurer on Oct 11, 2023.
             Was an Elder of Vehumet.
             Mangled by a two-headed ogre
             ... wielding a +0 giant spiked club
              (26 damage)
             ... on level 10 of the Dungeon.
             The game lasted 00:31:25 (12288 turns).

arthad the Destroyer (Human Conjurer)              Turns: 12288, Time: 00:31:26

Health: -6/80      AC:  7    Str:  8    XL:     11   Next: 47%
Magic:  17/21      EV: 15    Int: 29    God:    Vehumet [****..]
Gold:   380        SH:  0    Dex: 17    Spells: 3/24 levels left

rFire   . . .        l - staff of conjuration
rCold   . . .        (no shield)
rNeg    . . .        a - +0 robe
rPois   .            H - +1 hat
rElec   .            r - +0 cloak
rCorr   .            e - +0 pair of gloves
SInv    .            x - +1 pair of boots
Will    .....        (no amulet)
Stlth   +++          I - +6 ring of intelligence
HPRegen 0.33/turn    J - +6 ring of dexterity
MPRegen 0.17/turn

%: no passive effects
@: no status effects
A: no striking features
a: Renounce Religion


You were on level 10 of the Dungeon.
You worshipped Vehumet.
Vehumet was greatly pleased with you.
You visited 1 branch of the dungeon, and saw 10 of its levels.
You also visited: Sewer.

You collected 445 gold pieces.
You spent 65 gold pieces at shops.

Inventory:

Hand Weapons
 f - a +2 dagger of venom
 p - a +0 vampiric dagger
Missiles
 k - 47 poisoned darts
 n - 19 boomerangs
 K - 5 javelins
Armour
 a - a +0 robe (worn)
 e - a +0 pair of gloves (worn)
 i - a +0 pair of boots
 q - a +0 hat
 r - a +0 cloak (worn)
 v - +0 acid dragon scales
 x - a +1 pair of boots (worn)
 z - the +3 pair of boots "Opnyh" {rF- rC++ rN+ Dex+3}
   (You found it on level 6 of the Dungeon)

   Dex+3:     It affects your dexterity (+3).
   rF-:       It makes you vulnerable to fire.
   rC++:      It greatly protects you from cold.
   rN+:       It protects you from negative energy.
 H - a +1 hat (worn)
Magical Staves
 l - a staff of conjuration (weapon)
 E - the staff of Makhleb's Supremacy {rElec Int+2 Air}
   (You acquired it on level 8 of the Dungeon)

   [staff of air]

   Base accuracy: +5 Base damage: 5 Base attack delay: 1.2 This weapon's minimum
   attack delay (0.6) is reached at skill level 12.
   Int+2:     It affects your intelligence (+2).
   rElec:     It insulates you from electricity.
   Air:       It increases the power of your Air spells.
   It falls into the 'Staves' category.
   It is a one-handed weapon.
Jewellery
 A - an amulet of faith
 I - a +6 ring of intelligence (left hand)
 J - a +6 ring of dexterity (right hand)
Wands
 F - a wand of paralysis (4)
Scrolls
 t - 2 scrolls of revelation
 w - 2 scrolls of amnesia
 y - 3 scrolls of teleportation
 C - a scroll of enchant weapon
Potions
 b - 2 potions of magic
 c - 2 potions of cancellation {unknown}
 d - 2 potions of curing
 g - a potion of heal wounds
 h - 8 potions of ambrosia
 j - a potion of brilliance
 m - 2 potions of experience {unknown}
 o - 2 potions of might {unknown}
 s - 2 potions of resistance {unknown}
 u - 2 potions of mutation {unknown}
 B - a potion of invisibility
 D - a potion of enlightenment {unknown}
 G - a potion of lignification {unknown}


   Skills:
 + Level 5.2 Fighting
 + Level 5.7 Dodging
 + Level 6.0 Stealth
 * Level 7.2 Spellcasting
 * Level 8.6 Conjurations
 + Level 4.3 Hexes
 + Level 1.6 Necromancy
 * Level 5.0 Translocations
 + Level 3.3 Fire Magic
 + Level 3.3 Air Magic
 + Level 3.4 Poison Magic


You had 3 spell levels left.
You knew the following spells:

 Your Spells              Type           Power      Damage    Failure   Level
a - Magic Dart            Conj           100%       1d8       1%          1
b - Searing Ray           Conj           100%       2d8       1%          2
c - Dazzling Flash        Conj/Hex       100%       N/A       1%          3
d - Fulminant Prism       Conj/Hex       32%        3d15      1%          4
e - Foxfire               Conj/Fire      100%       2x1d9     1%          1
f - Poisonous Vapours     Pois/Air       60%        N/A       1%          2
g - Iskenderun's Mystic   Conj/Tloc      66%        2d14      1%          4
h - Dispel Undead         Necr           20%        3d11      26%         4

Your spell library contained the following spells:

 Spells                   Type           Power      Damage    Failure   Level
 Ignite Poison            Fire/Tmut/Pois 23%        N/A       1%          3
 Static Discharge         Conj/Air       100%       2-7/arc   1%          2
 Cigotuvi's Dreadful Rot  Necr/Pois/Air  52%        N/A       2%          2
 Ensorcelled Hibernation  Hex/Ice        46%        N/A       3%          2
 Swiftness                Air            29%        N/A       3%          3
 Passwall                 Tmut/Erth      8%         N/A       8%          2
 Airstrike                Air            14%        2d(3-19)  3%          4
 Manifold Assault         Tloc           39%        N/A       6%          4
 Summon Lightning Spire   Summ/Air       20%        N/A       26%         4
 Dispersal                Tloc           19%        N/A       67%         6
 Death Channel            Necr           10%        N/A       98%         6
 Disjunction              Tloc           19%        N/A       100%        8


Dungeon Overview and Level Annotations

Branches:
Dungeon (10/15)            Temple (0/1) D:5           Sewer (visited)
   Lair: D:8-11         Orc: D:9-12

Altars:
Cheibriados
Elyvilon
Kikubaaqudgha
Nemelex Xobeh
Qazlal
Sif Muna
Uskayaw
Vehumet
The Shining One

Shops:
D:1 *   D:4 (

Annotations:
D:2 Sigmund


Message History

You miss something. Something hits you.
Casting: Fulminant Prism (mildly dangerous; 1% risk of failure)
Confirm with . or Enter, or press ? or * to list all spells.
You can't see any susceptible monsters within range! (Use Z to cast anyway.)
Casting: Fulminant Prism (mildly dangerous; 1% risk of failure)
Confirm with . or Enter, or press ? or * to list all spells.
Aiming: Searing Ray (safe; 1% risk of failure)
Press: ? - help, Shift-Dir - straight line You feel a surge of power!
The searing ray hits something! (Press . to maintain the ray.)
The searing ray hits something.
The searing ray hits something.
The searing ray hits something.
The searing ray hits the two-headed ogre.
The two-headed ogre is lightly wounded.
You finish channelling your searing ray.
Magic courses through your body.
Casting: Searing Ray (safe; 1% risk of failure)
Confirm with . or Enter, or press ? or * to list all spells.
Aiming: Searing Ray (safe; 1% risk of failure)
Press: ? - help, Shift-Dir - straight line, f - two-headed ogre
Aim: a two-headed ogre, wielding a +0 giant spiked club and a +0 giant club (lightly wounded, 92% to hit)
You feel a surge of power!
The searing ray hits something!
The searing ray hits the two-headed ogre!
The two-headed ogre is moderately wounded. (Press . to maintain the ray.)
The searing ray hits something.
The searing ray hits the two-headed ogre.
The two-headed ogre is moderately wounded.
You hear the faint creaking of a portcullis nearby.
The searing ray hits the two-headed ogre!
The two-headed ogre is heavily wounded.
The two-headed ogre hits you with a +0 giant spiked club!
The two-headed ogre hits you with a +0 giant club!
* * * LOW HITPOINT WARNING * * *
The searing ray hits the two-headed ogre!
The two-headed ogre is severely wounded.
You finish channelling your searing ray.
The two-headed ogre hits you with a +0 giant spiked club!!
You die...

.# .# ............#
##.+
............###..#
...).#...........#
..))#.......##..+
#.).......##...#
#..).)###...@..#
#)).##....O{..###+#
#.#<..#.............#
#...................#
#..#..).........#####
#..#.######........
#..... ...#######
...#### ###... ..
###... . ..#### #


You could see a two-headed ogre.

Vanquished Creatures
  Erolcha (D:9)
  A catoblepas (D:10)
  A gargoyle (D:10)
  A queen bee (D:9)
  A troll (D:9)
  Grinder (Sewer)
  9 yaks
  A steam dragon (D:7)
  An acid dragon (D:5)
  2 water moccasins (D:7)
  An ice beast (D:7)
  2 orc warriors
  2 sky beasts
  An ogre (D:6)
  2 centaurs
  A phantom (D:6)
  2 kobold brigands
  2 bullfrogs
  6 scorpions
  6 wights
  31 killer bees
  An electric eel (D:7)
  2 quasits (Sewer)
  3 hounds
  6 orc priests
  3 jellies
  A gnoll bouda (D:6)
  A sleepcap (D:7)
  Jessica (D:3)
  2 iguanas (D:6)
  Ijyb (D:3)
  5 orc wizards
  10 gnolls (D:6)
  5 adders
  4 shadow imps
  A white imp (D:6)
  4 ufetubi
  3 worms
  4 dart slugs
  35 orcs
  9 ball pythons
  2 bat zombies (Sewer)
  4 endoplasms
  4 giant cockroaches
  2 hobgoblins (D:1)
  10 jackals
  31 kobolds
  A quokka (D:1)
  5 bats
  A frilled lizard (D:2)
  6 goblins
  A kobold zombie (Sewer)
  6 rats
249 creatures vanquished.

Vanquished Creatures (others)
  An endoplasm (Sewer)
  32 foxfires
  23 fulminant prisms
56 creatures vanquished.

Grand Total: 305 creatures vanquished

Notes
Turn   | Place    | Note
-------+----------+-------------------------------------------
     0 | D:1      | arthad the Human Conjurer began the quest for the Orb.
     0 | D:1      | Reached XP level 1. HP: 13/13 MP: 3/3
   240 | D:1      | Reached XP level 2. HP: 19/19 MP: 3/5
   785 | D:1      | Found a faded altar of an unknown god.
   850 | D:1      | Reached XP level 3. HP: 25/25 MP: 2/6
   894 | D:1      | Found Ugih's General Store.
   902 | D:1      | Bought a potion of heal wounds for 65 gold pieces
  1044 | D:2      | Noticed Sigmund
  1438 | D:2      | Found an ancient bone altar of Kikubaaqudgha.
  1700 | D:2      | Reached skill level 1 in Fighting
  1700 | D:2      | Reached XP level 4. HP: 22/32 MP: 0/7
  1706 | D:2      | Learned a level 2 spell: Searing Ray
  1710 | D:2      | Learned a level 3 spell: Dazzling Flash
  2194 | D:3      | Found a radiant altar of Vehumet.
  2199 | D:3      | Became a worshipper of Vehumet
  2343 | D:3      | Noticed Jessica
  2346 | D:3      | Killed Jessica
  2347 | D:3      | Reached XP level 5. HP: 37/37 MP: 5/9
  3017 | D:3      | Noticed Ijyb
  3074 | D:3      | Killed Ijyb
  3075 | D:3      | Reached XP level 6. HP: 44/44 MP: 1/10
  3214 | D:4      | Reached skill level 5 in Conjurations
  3599 | D:4      | Found Aciqeu's Weapon Emporium.
  3959 | D:4      | Found a snail-covered altar of Cheibriados.
  3992 | D:4      | Reached XP level 7. HP: 50/50 MP: 4/12
  3997 | D:4      | Learned a level 4 spell: Fulminant Prism
  4695 | D:5      | Entered Level 5 of the Dungeon
  4706 | D:5      | Found a staircase to the Ecumenical Temple.
  4928 | D:5      | Found a glowing golden altar of the Shining One.
  4940 | D:5      | Found a glowing drain.
  4980 | Sewer    | Entered a sewer
  4981 | Sewer    | Reached * piety under Vehumet
  4981 | Sewer    | Offered knowledge of Foxfire by Vehumet.
  4984 | Sewer    | Learned a level 1 spell: Foxfire
  5005 | Sewer    | Reached skill level 1 in Hexes
  5234 | Sewer    | Found a burning altar of Makhleb.
  5339 | Sewer    | Noticed Grinder
  5484 | Sewer    | Killed Grinder
  5485 | Sewer    | Reached skill level 6 in Conjurations
  5485 | Sewer    | Reached XP level 8. HP: 45/57 MP: 1/14
  5655 | Sewer    | Reached ** piety under Vehumet
  6235 | D:5      | Found a white marble altar of Elyvilon.
  6240 | D:5      | Offered knowledge of Poisonous Vapours by Vehumet.
  6248 | D:5      | Learned a level 2 spell: Poisonous Vapours
  6598 | D:5      | Reached skill level 5 in Spellcasting
  7442 | D:6      | Reached XP level 9. HP: 55/64 MP: 9/16
  7909 | D:6      | Offered knowledge of Scorch by Vehumet.
  7915 | D:6      | Learned a level 4 spell: Iskenderun's Mystic Blast
  8167 | D:6      | Reached skill level 1 in Fire Magic
  8167 | D:6      | Reached skill level 1 in Poison Magic
  8221 | D:6      | Found an ancient bone altar of Kikubaaqudgha.
  8264 | D:6      | Identified the +3 pair of boots "Opnyh" {rF- rC++ rN+
                  | Dex+3}
  8405 | D:6      | Reached skill level 1 in Translocations
  8565 | D:6      | Reached skill level 1 in Air Magic
  8621 | D:7      | Reached *** piety under Vehumet
  8622 | D:7      | Reached skill level 7 in Conjurations
  8776 | D:7      | Found a hide-covered altar of Uskayaw.
  8824 | D:7      | Found a stormy altar of Qazlal.
  9206 | D:7      | Reached skill level 5 in Stealth
  9621 | D:7      | Reached XP level 10. HP: 72/72 MP: 6/18
 10188 | D:8      | Offered knowledge of Inner Flame by Vehumet.
 10458 | D:8      | Reached skill level 5 in Dodging
 10514 | D:8      | Found a shimmering blue altar of Sif Muna.
 10520 | D:8      | Identified 3 scrolls of acquirement
 10521 | D:8      | Acquired the staff of Makhleb's Supremacy {rElec Int+2 Air}
 10523 | D:8      | Acquired a book of Decay
 10525 | D:8      | Acquired a staff of conjuration
 10591 | D:8      | Found a sparkling altar of Nemelex Xobeh.
 11088 | D:9      | Noticed Erolcha
 11097 | D:9      | Killed Erolcha
 11098 | D:9      | Reached skill level 8 in Conjurations
 11378 | D:9      | Learned a level 4 spell: Dispel Undead
 11544 | D:9      | Reached XP level 11. HP: 72/78 MP: 10/21
 11545 | D:9      | Reached **** piety under Vehumet
 11545 | D:9      | Offered knowledge of Ignite Poison by Vehumet.
 11547 | D:9      | Reached skill level 5 in Fighting
 11558 | D:9      | Reached skill level 1 in Necromancy
 12121 | D:10     | Entered Level 10 of the Dungeon
 12236 | D:10     | Noticed a two-headed ogre
 12251 | D:10     | Noticed a catoblepas
 12277 | D:10     | Killed a catoblepas
 12278 | D:10     | Reached skill level 5 in Translocations
 12288 | D:10     | Mangled by a two-headed ogre

Illustrated notes

Levels and vault maps discovered:
D:1:      doesnt_arrival_eight_statues, layout_basic,
          chequers_ecumenical_altar_twisty, serial_shops, shop_statue,
          minmay_hexomino_c4
D:2:      layout_loops_cross, basic_altar, minmay_misc_feat_tiny, uniq_sigmund
D:3:      cheibrodos_pilgrimage, layout_basic,
          mainiacjoe_overflow_six_doors_small, uniq_ijyb, uniq_jessica
D:4:      layout_layer_cave, general_overflow_altar, serial_shops, shop
D:5:      layout_layer_cave, tso_metal_star, mainiacjoe_overflow_alcove_2,
          minmay_temple_entry_butterflies, portal_sewer_entry_b
D:6:      layout_loops_cross, lemuel_coloured_pillars_altar
D:7:      layout_gridville, nicolae_qazlal_scattered_showers,
          mainiacjoe_overflow_alcove_4, minivault_14, grunt_tough_drop
D:8:      layout_basic, mainiacjoe_overflow_concentric_impassable,
          mainiacjoe_overflow_tiny_flanked
D:9:      layout_roguey [special_room_bee], kennysheep_nondescript, uniq_erolcha
D:10:     layout_cave_pools, mainiacjoe_overflow_24_doors,
          due_lair_maze_entry_diamond, enter_bailey_8, serial_co_window_serial,
          co_window_paths_b, co_window_cross_1, co_window_corner_a,
          co_window_paths_a, co_window_paths_a, co_window_of_opportunity_a,
          co_window_broadway_a, co_window_paths_c, co_window_2corner,
          co_window_2corner, co_window_corner_b, co_window_4corner_b,
          glass_columns_a, glass_columns_a, minmay_misc_feat_diagonals,
          minivault_16, minmay_variable_closet

Skill      XL: |  1  2  3  4  5  6  7  8  9 10 11 |
---------------+----------------------------------+-----
Fighting       | 1 2 3 4 5 |  5.2
Spellcasting   | 3 4 5 6 7 |  7.2
Stealth        | 3 4 5 6 |  6.0
Dodging        | 3 4 5 |  5.7
Conjurations   | 5 6 7 8 |  8.6
Hexes          | 1 2 3 4 |  4.3
Fire Magic     | 1 2 3 |  3.3
Poison Magic   | 1 2 3 |  3.4
Translocations | 2 4 5 |  5.0
Air Magic      | 1 2 3 |  3.3
Necromancy     | 1 |  1.6

Action                     |  1- 3 |  4- 6 |  7- 9 | 10-12 || total
---------------------------+-------+-------+-------+-------++-------
  Melee: Unarmed           |     4 |     3 |       |       ||     7
         Dagger            |       |       |    28 |       ||    28
         Punch             |       |       |     1 |     1 ||     2
         Staff             |       |       |       |    11 ||    11
  Throw: Javelin           |     1 |       |     4 |     5 ||    10
         Dart              |       |       |     1 |     3 ||     4
         Boomerang         |       |       |       |     1 ||     1
   Cast: Magic Dart        |    71 |    92 |   243 |    54 ||   460
         Searing Ray       |       |     9 |    28 |    31 ||    68
         Dazzling Flash    |       |       |     1 |       ||     1
         Foxfire           |       |       |    13 |     3 ||    16
         Poisonous Vapours |       |       |     9 |     4 ||    13
         Fulminant Prism   |       |       |     6 |    17 ||    23
         Iskenderun's Myst |       |       |     6 |    10 ||    16
  Evoke: Wand              |       |       |     1 |     3 ||     4
    Use: Scroll            |       |     4 |     3 |     6 ||    13
         Potion            |       |     2 |     3 |     5 ||    10
   Stab: Invisible         |       |       |     1 |       ||     1
         Paralysed         |       |       |       |     5 ||     5
 Armour: Robe              |    16 |     9 |   103 |    52 ||   180
  Dodge: Dodged            |    10 |    20 |   119 |    49 ||   198

Table legend: (Time is in decaauts)
 A = Elapsed time spent in this place.
 B = Non-inter-level travel time spent in this place.
 C = Inter-level travel time spent in this place.
 D = Time resting spent in this place.
 E = Time spent auto-exploring this place.
 F = Levels seen in this place.
 G = Mean time per level.
                   A        B        C        D        E       F      G
               +--------+--------+--------+--------+--------+-----+--------+
         Total |  12312 |  11874 |    438 |    493 |   9565 |  11 | 1119.3 |
       Dungeon |  11422 |  10984 |    438 |    399 |   9001 |  10 | 1142.2 |
         Sewer |    889 |    889 |      0 |     94 |    563 |   1 |  889.0 |
               +--------+--------+--------+--------+--------+-----+--------+

Top non-repeatable levels by time:
     D:5: 1680 daAuts
     D:4: 1596 daAuts
     D:7: 1343 daAuts
     D:1: 1323 daAuts
     D:6: 1267 daAuts
     D:9: 1179 daAuts
     D:8: 1104 daAuts
     D:3: 1030 daAuts
   Sewer: 889 daAuts
     D:2: 846 daAuts
    D:10: 50 daAuts
